 Dungeon Crawl Stone Soup version 0.28-a0-938-gbc3f381ebc (webtiles) character file.

Game seed: 12669108399867059796

58 Decritt the Skirmisher (level 3, 0/34 HPs)
             Began as a Minotaur Fighter on Nov 28, 2021.
             Slain by a goblin (5 damage)
             ... led by Robin
             ... on level 2 of the Dungeon.
             The game lasted 00:02:44 (1287 turns).

Decritt the Skirmisher (Minotaur Fighter)           Turns: 1287, Time: 00:02:45

Health: 0/34       AC:  7    Str: 20    XL:     3   Next: 76%
Magic:  2/2        EV:  9    Int:  5    God:
Gold:   58         SH:  4    Dex: 10    Spells: 2/2 levels left

rFire   . . .      SeeInvis .   a - +0 war axe
rCold   . . .      Faith    .   c - +0 buckler
rNeg    . . .      Spirit   .   b - +0 scale mail
rPois   .          Reflect  .   (helmet restricted)
rElec   .          Harm     .   (no cloak)
rCorr   .          Rampage  .   (no gloves)
Will    .....                   (no boots)
Stlth   ..........              (no amulet)
HPRegen 0.11/turn               (no ring)
MPRegen 0.08/turn               (no ring)

@: no status effects
A: horns 2, retaliatory headbutt
a: no special abilities


You were on level 2 of the Dungeon.
You visited 1 branch of the dungeon, and saw 3 of its levels.

You collected 58 gold pieces.

Inventory:

Hand Weapons
 a - a +0 war axe (weapon)
Armour
 b - a +0 scale mail (worn)
 c - a +0 buckler (worn)
Scrolls
 e - a scroll of blinking {unknown}
 f - a scroll of amnesia {unknown}
 i - 4 scrolls of identify {unknown}
 k - a scroll of teleportation {unknown}
Potions
 d - a potion of might
 g - a potion of haste {unknown}
 h - a potion of curing {unknown}
 j - a potion of mutation {unknown}


   Skills:
 * Level 4.5 Fighting
 + Level 3.1 Axes
 + Level 4.1 Armour
 + Level 4.1 Shields


You had 2 spell levels left.
You didn't know any spells.
Your spell library was empty.

Dungeon Overview and Level Annotations

Branches:
Dungeon (3/15)

Altars:

Annotations:
D:3 Robin


Innate Abilities, Weirdness & Mutations

You have a pair of horns on your head.
You reflexively headbutt those who attack you in melee.


Message History

You block the goblin's attack. The goblin hits you with a +0 club.
* * * LOW HITPOINT WARNING * * *
The hobgoblin hits you but does no damage.
The goblin hits you but does no damage.
The goblin unwields a +0 hunting sling.
The goblin wields a +0 dagger.
The goblin hits you with a +0 dagger.
* * * LOW HITPOINT WARNING * * *
The goblin barely misses you. You block the goblin's attack.
The hobgoblin hits you but does no damage.
You climb upwards.
There is a stone staircase leading down here.
You are too injured to fight recklessly!
You are too injured to fight recklessly!
You are too injured to fight recklessly!
You are too injured to fight recklessly!
You are too injured to fight recklessly!
You are too injured to fight recklessly!
You closely miss the goblin. You barely miss the goblin.
You barely miss the hobgoblin. You closely miss the goblin.
The goblin no longer looks unusually strong.
The goblin closely misses you. You block the goblin's attack.
The goblin hits you with a +0 dagger.
* * * LOW HITPOINT WARNING * * *
The hobgoblin hits you but does no damage.
You hit the hobgoblin. Your headbutt misses the hobgoblin.
The hobgoblin is lightly wounded.
You hit the goblin. x2
You kill the goblin!
You barely miss the goblin. The goblin hits you but does no damage.
The hobgoblin hits you but does no damage.
The goblin hits you but does no damage.
You hit the hobgoblin.
You kill the hobgoblin!
You barely miss the goblin. You closely miss the goblin.
The goblin closely misses you. The goblin hits you but does no damage.
You block the goblin's attack. The goblin closely misses you.
You closely miss the goblin.
The goblin is moderately wounded.
You miss the goblin. You barely miss the goblin. The goblin closely misses you.
The goblin barely misses you. The goblin hits you with a +0 dagger.
You die...

.############...#######.#..†#
........................#...##
....##########..######..#....#
....'...........#.......######
....###.......#.#...........#
......+.......#.#######.###.#
.###.##.......#.............#
## #.##.....#.#gg######(#####
#.#......#.#)@g......#
#.#......#.###########
#.#.....<#.# #.####...#.#
#....'.....# ######)..###
#...# #...# #####


You could see 3 goblins.

Vanquished Creatures
  An adder (D:2)
  A worm (D:2)
  A dart slug (D:2)
  4 endoplasms
  2 giant cockroaches (D:2)
  8 goblins
  3 hobgoblins
  2 quokkas (D:2)
  3 ball pythons
  4 bats
  3 frilled lizards
  5 kobolds
  3 rats
40 creatures vanquished.

Notes
Turn   | Place    | Note
-------+----------+-------------------------------------------
     0 | D:1      | Decritt the Minotaur Fighter began the quest for the Orb.
     0 | D:1      | Reached XP level 1. HP: 19/19 MP: 0/0
   359 | D:1      | Reached XP level 2. HP: 27/27 MP: 1/1
   408 | D:1      | Found a faded altar of an unknown god.
   638 | D:2      | Reached XP level 3. HP: 31/33 MP: 2/2
  1266 | D:3      | Noticed a centaur
  1268 | D:3      | Noticed Robin
  1287 | D:2      | Slain by a goblin

Illustrated notes

Levels and vault maps discovered:
D:1:      eino_arrival_tree_alley, layout_basic, ebering_ecumenical_altar_webs,
          nrook_campfire
D:2:      layout_basic, grunt_decor_junction
D:3:      layout_rooms, mainiacjoe_overflow_chevrons, portal_sewer_entry_f,
          nrook_uturn, uniq_crazy_yiuf_cottage, uniq_robin

Skill      XL: |  1  2  3 |
---------------+----------+-----
Fighting       | 4 |  4.5
Armour         | 4 |  4.1
Shields        | 4 |  4.1
Axes           | 3 |  3.1

Action                   || total
-------------------------++-------
Melee: War axe           ||    81
       Headbutt          ||     9
Armor: Scale mail        ||    65
Dodge: Dodged            ||    47
Block: Buckler           ||    19

Table legend: (Time is in decaauts)
 A = Elapsed time spent in this place.
 B = Non-inter-level travel time spent in this place.
 C = Inter-level travel time spent in this place.
 D = Time resting spent in this place.
 E = Time spent auto-exploring this place.
 F = Levels seen in this place.
 G = Mean time per level.
                   A        B        C        D        E       F      G
               +--------+--------+--------+--------+--------+-----+--------+
         Total |   1315 |   1297 |     18 |      0 |   1055 |   3 |  438.3 |
       Dungeon |   1315 |   1297 |     18 |      0 |   1055 |   3 |  438.3 |
               +--------+--------+--------+--------+--------+-----+--------+

Top non-repeatable levels by time:
     D:2: 805 daAuts
     D:1: 471 daAuts
     D:3: 37 daAuts
